 Dungeon Sprint DCSS version 0.30-a0-860-g512cf1e979 (webtiles) character file.

Game seed: 2170818404399992487

1400000 BigDaddyOpFi the Spry (level 15, -10/120 HPs)
             Began as a Djinni Warper on Mar 7, 2023.
             Was a Priest of Makhleb.
             Mangled by a meat berserker
             ... wielding a +9 battleaxe
              (40 damage)
             ... in the Dungeon (Sprint VIII: "Arena of Blood").
             The game lasted 00:00:20 (14 turns).

BigDaddyOpFi the Spry (Djinni Warper)                 Turns: 14, Time: 00:00:20

Health: -10/120    AC:  5    Str: 12    XL:     15   Next: 69%
Gold:   0          EV: 23    Int: 14    God:    Makhleb [***...] SH:  0 Dex: 19

rFire   + + .      SeeInvis .    h - +∞ Axe of Woe
rCold   x . .      Faith    .    (shield currently unavailable)
rNeg    . . .      Spirit   .    a - +0 leather armour
rPois   ∞          Reflect  .    (no helmet)
rElec   .          Rampage  .    (no cloak)
rCorr   .          NoTele   +    (no gloves)
Will    +....                    (boots unavailable)
Stlth   ++++++                   (no amulet)
HPRegen 0.40/turn                (no ring)
MPRegen 0.00/turn                (no ring)

@: flying
A: sickness immunity, fire resistance 2, cold vulnerability 1, float, innate
caster, HP casting, extra vitality 1
a: Renounce Religion, Minor Destruction, Lesser Servant of Makhleb


You were in the Dungeon.
You worshipped Makhleb.
Makhleb was most pleased with you.
You visited 1 branch

Inventory:

Hand Weapons
 h - the +∞ Axe of Woe (weapon)
   (You found it in the Dungeon)
Missiles
 c - 7 boomerangs of dispersal (quivered)
Armour
 a - a +0 leather armour (worn)
Scrolls
 b - 2 scrolls of blinking
Potions
 d - a potion of curing
 e - a potion of heal wounds
 f - a potion of haste
 g - a potion of berserk rage


   Skills:
 + Level 15.1 Fighting
 + Level 12.7 Axes
 + Level 12.7 Throwing
 + Level 15.0 Armour
 + Level 16.4 Dodging
 + Level 13.8 Stealth
 + Level 15.1 Unarmed Combat
 + Level 12.0 Spellcasting
 + Level 14.9 Invocations


You knew the following spells:

 Your Spells              Type           Power      Damage    Failure   Level
a - Blink                 Tloc           84%        N/A       1%          2
b - Lesser Beckoning      Tloc           84%        N/A       1%          2
c - Vhi's Electric Charg  Tloc/Air       84%        N/A       1%          3
d - Teleport Other        Tloc           42%        N/A       1%          3
e - Manifold Assault      Tloc           42%        N/A       1%          4
f - Necrotise             Necr           100%       1d9       1%          1
g - Static Discharge      Conj/Air       84%        2-6/arc   1%          2
h - Vampiric Draining     Necr           42%        2d9       1%          3
i - Summon Lightning Spi  Summ/Air       42%        N/A       1%          4
j - Agony                 Necr           42%        N/A       1%          5
k - Summon Forest         Summ/Tloc      21%        N/A       1%          5
l - Dispersal             Tloc           21%        N/A       11%         6
Your spell library was empty.

Dungeon Overview and Level Annotations

Branches:
Dungeon (1/1)

Altars:
Makhleb


Innate Abilities, Weirdness & Mutations

You are immune to sickness and miasma.
You are immune to poison.
Your flesh is very heat resistant. (rF++)
You are vulnerable to cold. (rC-)
You float through the air rather than walking.
You learn spells naturally, not from books.
Your magical power is your life essence.
You have superior vitality. (+4 MHP)


Message History

The meat berserker rages.
You hear a shout! x5
The meat berserker rages.
You hear a shout!
The bag of meat hits you with a +9 war axe!!
The bag of meat hits you with a +9 war axe!!!
* * * LOW HITPOINT WARNING * * *
Your Fighting skill gained 2 levels and is now at level 15!
Your Axes skill increases to level 12!
Your Throwing skill increases to level 12!
Your Armour skill gained 2 levels and is now at level 15!
Your Dodging skill gained 2 levels and is now at level 16!
Your Stealth skill increases to level 13!
Your Unarmed Combat skill gained 2 levels and is now at level 15!
Your Spellcasting skill gained 2 levels and is now at level 12!
Your Invocations skill increases to level 14!
You have reached level 15!
Your experience leads to an increase in your attributes!
Increase (S)trength, (I)ntelligence, or (D)exterity?
You feel agile. x2
The power to cast Dispersal wells up from within.
Spell assigned to 'l'.
Unknown command.
You slice the bag of meat!!
You slaughter the bag of meat joyfully.
You kill the bag of meat!
Makhleb accepts your kill.
You feel better.
You hit the bag of meat.
You pulverise the bag of meat into a thin bloody mist.
You kill the bag of meat!
Makhleb accepts your kill.
You can now summon a lesser servant of Makhleb.
You feel better.
You hear a shout! x6
The meat berserker rages.
You hear a shout!
The meat berserker hits you with a +9 battleaxe!!!
* * * LOW HITPOINT WARNING * * *
You hear a shout!
The meat berserker hits you with a +9 battleaxe!!!
You die...

.. ..... #.
...# #.. ...# .
.###.. ...###..
......###......
......_.....
#..OO.# #_.@O_#
#...).#
..O..._.....
......###....o.
.###.. ...###..
#.. ...# o #.
...# .. .....


You could see 4 meat berserkers and a bag of meat.

Vanquished Creatures
  4 ogres (D)
  4 orcs (D)
8 creatures vanquished.

Notes
Turn   | Place    | Note
-------+----------+-------------------------------------------
     0 | D        | Found the +∞ Axe of Woe
     0 | D        | BigDaddyOpFi the Djinni Warper began the quest for the Orb.
     0 | D        | BigDaddyOpFi set off with the following spells memorised:
                  | Blink, Lesser Beckoning, Vhi's Electric Charge, Teleport
                  | Other, Manifold Assault.
     0 | D        | Reached XP level 1. HP: 18/18 MP: 0/0
     3 | D        | Noticed a bag of meat
     4 | D        | Became a worshipper of Makhleb the Destroyer
     5 | D        | Noticed a bag of meat
     5 | D        | Noticed a meat berserker
     6 | D        | Noticed a bag of meat
     6 | D        | Noticed a meat berserker
     8 | D        | Noticed a bag of meat
     8 | D        | Noticed a bag of meat
     9 | D        | Noticed a meat berserker
    10 | D        | Killed a bag of meat
    10 | D        | Killed a meat berserker
    10 | D        | Reached * piety under Makhleb
    10 | D        | Noticed a bag of meat
    11 | D        | Reached skill level 12 in Dodging
    11 | D        | Reached skill level 10 in Stealth
    11 | D        | Reached XP level 2. HP: 37/37 MP: 0/0
    11 | D        | Reached XP level 3. HP: 42/42 MP: 0/0
    11 | D        | Learned a level 1 spell: Necrotise
    11 | D        | Reached XP level 4. HP: 49/49 MP: 0/0
    11 | D        | Reached XP level 5. HP: 54/54 MP: 0/0
    11 | D        | Learned a level 2 spell: Static Discharge
    11 | D        | Reached XP level 6. HP: 59/59 MP: 0/0
    11 | D        | Reached XP level 7. HP: 65/65 MP: 0/0
    11 | D        | Learned a level 3 spell: Vampiric Draining
    11 | D        | Reached XP level 8. HP: 71/71 MP: 0/0
    11 | D        | Reached XP level 9. HP: 76/76 MP: 0/0
    11 | D        | Learned a level 4 spell: Summon Lightning Spire
    11 | D        | Reached XP level 10. HP: 83/83 MP: 0/0
    11 | D        | Reached XP level 11. HP: 87/87 MP: 0/0
    11 | D        | Learned a level 5 spell: Agony
    11 | D        | Reached XP level 12. HP: 94/94 MP: 0/0
    11 | D        | Reached XP level 13. HP: 99/99 MP: 0/0
    11 | D        | Learned a level 5 spell: Summon Forest
    11 | D        | Killed a meat berserker
    11 | D        | Noticed a meat berserker
    11 | D        | Noticed a meat berserker
    11 | D        | Noticed a meat berserker
    11 | D        | Noticed a meat berserker
    12 | D        | Reached skill level 10 in Axes
    12 | D        | Reached skill level 10 in Throwing
    12 | D        | Reached skill level 14 in Dodging
    12 | D        | Reached skill level 10 in Spellcasting
    12 | D        | Reached XP level 14. HP: 81/108 MP: 0/0
    12 | D        | Killed a bag of meat
    13 | D        | Killed a meat berserker
    13 | D        | Reached ** piety under Makhleb
    13 | D        | Killed a meat berserker
    14 | D        | Reached skill level 15 in Fighting
    14 | D        | Reached skill level 15 in Armour
    14 | D        | Reached skill level 16 in Dodging
    14 | D        | Reached skill level 15 in Unarmed Combat
    14 | D        | Reached XP level 15. HP: 28/120 MP: 0/0
    14 | D        | Learned a level 6 spell: Dispersal
    14 | D        | Noticed a meat berserker
    14 | D        | Reached *** piety under Makhleb
    14 | D        | Mangled by a meat berserker

Illustrated notes

Levels and vault maps discovered:
D:        meatsprint

Skill      XL: |  1  2  3  4  5  6  7  8  9 10 11 12 13 14 |
---------------+-------------------------------------------+-----
Fighting       | 11 12 15 | 15.1
Axes           | 9 10 12 | 12.7
Throwing       | 9 10 12 | 12.7
Armour         | 11 12 15 | 15.0
Dodging        | 12 14 16 | 16.4
Stealth        | 10 11 13 | 13.8
Unarmed Combat | 11 12 15 | 15.1
Spellcasting   | 9 10 12 | 12.0
Invocations    | 11 12 14 | 14.9

Action                     |  1- 3 |  4- 6 |  7- 9 | 10-12 | 13-15 || total
---------------------------+-------+-------+-------+-------+-------++-------
  Melee: Executioner's axe |     1 |       |       |       |     4 ||     5

Table legend: (Time is in decaauts)
 A = Elapsed time spent in this place.
 B = Non-inter-level travel time spent in this place.
 C = Inter-level travel time spent in this place.
 D = Time resting spent in this place.
 E = Time spent auto-exploring this place.
 F = Levels seen in this place.
 G = Mean time per level.
                   A        B        C        D        E       F      G
               +--------+--------+--------+--------+--------+-----+--------+
         Total |     15 |     15 |      0 |      0 |      0 |   1 |   15.0 |
       Dungeon |     15 |     15 |      0 |      0 |      0 |   1 |   15.0 |
               +--------+--------+--------+--------+--------+-----+--------+

Top non-repeatable levels by time:
       D: 15 daAuts
